 Dungeon Crawl Stone Soup version 0.28.0-45-g0d030f2227 (console) character file.

Game seed: 3787791608613498296

110 Cab the Chopper (level 4, -5/35 HPs)
             Began as a Demonspawn Fighter on Apr 21, 2022.
             Slain by a goblin
             ... wielding a +0 club
             ... led by Robin
              (6 damage)
             ... on level 2 of the Dungeon.
             The game lasted 00:04:55 (1985 turns).

Cab the Chopper (Demonspawn Fighter)                Turns: 1985, Time: 00:04:56

Health: -5/35      AC:  6    Str: 19    XL:     4   Next: 61%
Magic:  4/4        EV:  9    Int:  9    God:
Gold:   38         SH:  4    Dex: 12    Spells: 3/3 levels left

rFire   + . .      SeeInvis .   a - +0 war axe
rCold   + . .      Faith    .   c - +0 buckler
rNeg    . . .      Spirit   .   b - +0 scale mail
rPois   +          Reflect  .   (no helmet)
rElec   +          Harm     .   (no cloak)
rCorr   +          Rampage  .   (no gloves)
Will    .....                   (no boots)
Stlth   ..........              (no amulet)
HPRegen 0.11/turn               (no ring)
MPRegen 0.09/turn               (no ring)

@: brilliant, resistant, invisible, very slow
A: weakness stinger 1
a: no special abilities


You were on level 2 of the Dungeon.
You visited 1 branch of the dungeon, and saw 2 of its levels.

You collected 38 gold pieces.

Inventory:

Hand Weapons
 a - a +0 war axe (weapon)
Armour
 b - a +0 scale mail (worn)
 c - a +0 buckler (worn)
Scrolls
 d - a scroll of magic mapping {unknown}
 f - a scroll of identify {unknown}
 h - a scroll of enchant armour {unknown}
 i - a scroll of fog {unknown}
Potions
 g - a potion of resistance


   Skills:
 - Level 3.0 Fighting
 + Level 4.4 Axes
 - Level 2.6 Armour
 - Level 2.6 Shields


You had 3 spell levels left.
You didn't know any spells.
Your spell library was empty.

Dungeon Overview and Level Annotations

Branches:
Dungeon (2/15)

Altars:

Annotations:
D:2 Robin


Innate Abilities, Weirdness & Mutations

You have a small tail.


Message History

Robin roars a battlecry!
The goblin goes into a battle-frenzy!
You see here 8 gold pieces.
It was a potion of resistance.
You feel protected. The goblin hits you with a +0 club.
* * * LOW HITPOINT WARNING * * *
It was a potion of brilliance.
You feel clever all of a sudden. You block the goblin's attack.
It was a potion of invisibility.
You fade into invisibility!
You block the goblin's attack.
The goblin no longer looks unusually strong.
A spectral hobgoblin comes into view.
Found a faded altar of an unknown god.
Found 21 sling bullets.
You enter the shallow water.
Moving in this stuff is going to be slow. ...and don't expect to remain undetected.
The spectral hobgoblin hits you but does no damage.
The spectral hobgoblin barely misses you.
The spectral hobgoblin completely misses you.
Robin says, "My army is invincible!"
The spectral hobgoblin closely misses you.
You enter the shallow water.
Moving in this stuff is going to be slow. ...and don't expect to remain undetected.
Robin roars a battlecry!
The goblins go into a battle-frenzy!
You enter the shallow water.
Moving in this stuff is going to be slow. ...and don't expect to remain undetected.
The kobold closely misses you. The goblin hits you with a +0 club.
* * * LOW HITPOINT WARNING * * *
You block the kobold's attack. The goblin hits you but does no damage.
The goblin barely misses you. The goblin hits you with a +0 club.
* * * LOW HITPOINT WARNING * * *
The goblin hits you with a +0 club.
You die...

▒≈▒▒≈∙∙≈≈▒ ▒≈≈▒≈∙∙≈∙▒
▒≈≈▒≈∙∙∙≈■ ▒∙∙≈▄∙≈(∙■
▒ ▒≈g≈∙≈≈≈≈■∙▒
▒∙≈▒∙∙≈∙≈▒∙▒
▒Z▒▒≈≈≈≈▒▒∙▒ ∙∙∙∙∙∙∙▒
▒g▒≈g≈≈▒▒∙≈▒ ∙∙∙∙▒∙▒
▒@K8≈▒g≈≈≈▒
∙∙∙▒∙▒▒▒▒▒∙▒g▒▒≈▒≈∙∙▒▒
∙∙▒∙∙∙∙▒▒∙∙≈∙∙g≈≈∙▒▒
▒∙∙K∙▒∙▒▒▒▒▒▒∙∙∙∙∙▒
▒▒▒▒▒∙∙∙∙▒∙▒ ▒∙∙∙∙▒▒
▒∙∙∙▒∙gg▒▒∙▒ ▒▒▒∙▒▒
▒▒∙▒∙▒▒▒∙▒▒∙▒ ▒∙▒
∙∙∙▒∙∙∙▒g▒▒∙▒ ▒∙▒
∙∙∙▒▒▒∙∙∙g∙∙▒ ▒▒▒▒∙▒


You could see a spectral hobgoblin, Robin, a hobgoblin (strong), 2 goblins and a
kobold.

Vanquished Creatures
  Jessica (D:2)
  3 adders (D:2)
  2 worms (D:2)
  2 bats (D:1)
  5 endoplasms
  A giant cockroach (D:1)
  11 goblins
  3 hobgoblins (D:1)
  4 jackals (D:1)
  5 kobolds
  6 ball pythons (D:1)
  A frilled lizard (D:1)
  6 rats
50 creatures vanquished.

Notes
Turn   | Place    | Note
-------+----------+-------------------------------------------
     0 | D:1      | Cab the Demonspawn Fighter began the quest for the Orb.
     0 | D:1      | Reached XP level 1. HP: 18/18 MP: 1/1
    86 | D:1      | Reached skill level 2 in Axes
   159 | D:1      | Gained mutation: You have a small tail. [demonic ancestry]
   159 | D:1      | Reached XP level 2. HP: 21/24 MP: 2/2
   299 | D:1      | Reached skill level 3 in Axes
   743 | D:1      | Reached XP level 3. HP: 28/29 MP: 3/3
  1472 | D:2      | Noticed Jessica
  1476 | D:2      | Killed Jessica
  1524 | D:2      | Reached skill level 4 in Axes
  1524 | D:2      | Reached XP level 4. HP: 31/35 MP: 4/4
  1935 | D:2      | Noticed Robin
  1973 | D:2      | Found a faded altar of an unknown god.
  1985 | D:2      | HP: 1/35 [goblin/+0 club[Robin] (4)]
  1985 | D:2      | Slain by a goblin

Illustrated notes

Levels and vault maps discovered:
D:1:      minmay_arrival_loop, layout_basic, nrook_loot_triangle
D:2:      layout_basic, dreamdust_ecumenical_altar_drowned_temple, uniq_robin,
          uniq_jessica

Skill      XL: |  1  2  3 |
---------------+----------+-----
Axes           | 2 3 4 |  4.4
Fighting       | |  3.0
Armour         | |  2.6
Shields        | |  2.6

Action                   |  1- 3 |  4- 6 || total
-------------------------+-------+-------++-------
Melee: War axe           |    82 |    29 ||   111
       Tailslap          |     4 |       ||     4
  Use: Potion            |     1 |     3 ||     4
Armor: Scale mail        |    30 |    13 ||    43
Dodge: Dodged            |    32 |    22 ||    54
Block: Buckler           |    21 |    18 ||    39
